 Dungeon Crawl Stone Soup version 0.24.1-4-ge52af88ad5 (webtiles) character file.

Game seed: 16817344976385595160, levelgen mode: deterministic

343 Gruesph the Insei (level 6, -1/43 HPs)
             Began as a Merfolk Transmuter on Apr 15, 2020.
             Slain by a slave (6 damage)
             ... led by Pikel
             ... on level 4 of the Dungeon.
             The game lasted 00:18:26 (5181 turns).

Gruesph the Insei (Merfolk Transmuter)              Turns: 5181, Time: 00:18:27

Health: -1/43      AC:  2    Str: 12    XL:     6   Next: 57%
Magic:  4/9        EV: 21    Int: 12    God:
Gold:   127        SH:  0    Dex: 20    Spells: 3/9 levels left

rFire    . . .     SeeInvis .     - Unarmed
rCold    . . .     Gourm    .   (shield currently unavailable)
rNeg     . . .     Faith    .   (armour currently unavailable)
rPois    x         Spirit   .   (helmet currently unavailable)
rElec    .         Reflect  .   (cloak currently unavailable)
rCorr    .         Harm     .   (gloves currently unavailable)
MR       .....                  (boots currently unavailable)
Stlth    ++........             (no amulet)
HPRegen  0.14/turn              (no ring)
MPRegen  0.11/turn              (no ring)

@: spider-form (expiring)
A: tiny, (change form in water), (swift swim), (stealthy swim)
a: End Transformation


You were on level 4 of the Dungeon.
You were not hungry.
You were a venomous arachnid creature.
You visited 1 branch of the dungeon, and saw 4 of its levels.

You collected 127 gold pieces.

Inventory:

Missiles
 a - 29 arrows
 h - 93 stones (quivered)
 l - 72 sling bullets
Armour
 e - a +0 helmet (melded)
 k - a +0 ring mail (melded)
 q - a +1 pair of boots (melded)
Scrolls
 d - a scroll of amnesia
 j - 2 scrolls of enchant armour
 p - a scroll of teleportation
 r - 2 scrolls of remove curse
Potions
 b - a potion of haste
 c - a potion of curing
 g - a potion of flight
 i - a potion of mutation {unknown}
 m - a potion of degeneration {unknown}
 n - a potion of agility {unknown}
 o - a potion of brilliance {unknown}
Comestibles
 f - 5 rations
 s - a chunk of flesh


   Skills:
 - Level 1.1 Fighting
 - Level 2.6 Dodging
 - Level 2.0 Stealth
 + Level 5.8 Unarmed Combat
 - Level 2.0 Spellcasting
 - Level 5.0 Transmutations
 + Level 2.8 Poison Magic


You had 3 spell levels left.
You knew the following spells:

 Your Spells              Type           Power        Failure   Level  Hunger
a - Beastly Appendage     Tmut           ##....       12%         1    ##.....
b - Sticks to Snakes      Tmut           ##......     16%         2    ###....
c - Spider Form           Tmut/Pois      ##........   34%         3    ####...

Your spell library contained the following spells:

 Spells                   Type           Power        Failure   Level  Hunger
 Animate Skeleton         Necr           N/A          47%         1    ##.....
 Apportation              Tloc           #.....       47%         1    ##.....
 Confusing Touch          Hex            #.....       47%         1    ##.....
 Summon Small Mammal      Summ           #...         47%         1    ##.....
 Ice Form                 Ice/Tmut       #.......     85%         4    #####..
 Blade Hands              Tmut           ##........   85%         5    ######.


Dungeon Overview and Level Annotations

Branches:
Dungeon (4/15)
 Temple: D:4-7

Altars:
Dithmenos

Annotations:
D:4 Pikel


Message History

Pikel is lightly wounded.
The slave barely misses you. The slave misses you.
Pikel hits you with a +2 whip of electrocution!
The slave hits you.
You hit Pikel but do no damage.
Pikel is poisoned.
Pikel is lightly wounded.
The slave barely misses you. The slave completely misses you.
The slave hits you. Pikel closely misses you. The slave hits you.
You hit Pikel.
Pikel looks as sick as possible!
Pikel is moderately wounded.
The slave barely misses you. The slave completely misses you.
The slave closely misses you. Pikel barely misses you.
You hit Pikel but do no damage.
Pikel looks as sick as possible!
Pikel is heavily wounded.
The slave hits you!
* * * LOW HITPOINT WARNING * * *
The slave hits you.
* * * LOW HITPOINT WARNING * * *
The slave hits you.
You die...

##รท####### #..[..##.# ...#
#...# #....[##.# ...# #...#
####..##.# ...#
#...########.##.# ...#
#............##.# ...#
###...........#.# ...#
#...........#.# ...#
#.......p.p.#.#
.#######.......psK.#.######
......##.......p..........#
..###.###......####..####.#
#.# #.# #......# ##..# #.#
#.###......# #..># #.#
#..........# #.### #.#
#####......# #p# #.#
######## #.# #.# #p#


You could see Pikel and 4 slaves.

Vanquished Creatures
  A scorpion (D:4)
  A howler monkey (D:4)
  2 hounds (D:3)
  An orc priest (D:3)
  A worker ant (D:4)
  A hound skeleton (D:4)
  4 adders
  An ooze (D:1)
  An adder skeleton (D:4)
  4 worms
  3 dart slugs
  3 leopard geckos
  3 orcs
  4 bats
  5 giant cockroaches
  7 goblins
  7 hobgoblins
  5 kobolds
  2 quokkas (D:2)
  6 frilled lizards
  A leopard gecko skeleton (D:4)
  12 rats
75 creatures vanquished.

Vanquished Creatures (collateral kills)
  A worm (D:4)
  An orc (D:3)
  A quokka (D:4)
  A bat (D:3)
  A frilled lizard (D:3)
5 creatures vanquished.

Grand Total: 80 creatures vanquished

Notes
Turn   | Place    | Note
-------+----------+-------------------------------------------
     0 | D:1      | Gruesph the Merfolk Transmuter began the quest for the Orb.
     0 | D:1      | Reached XP level 1. HP: 15/15 MP: 3/3
   444 | D:1      | Reached XP level 2. HP: 12/21 MP: 5/5
   464 | D:1      | Learned a level 2 spell: Sticks to Snakes
   634 | D:1      | Reached skill level 1 in Stealth
   874 | D:1      | Reached XP level 3. HP: 21/26 MP: 4/6
  1330 | D:2      | Learned a level 3 spell: Spider Form
  1341 | D:2      | Found a shadowy altar of Dithmenos.
  1918 | D:2      | Reached XP level 4. HP: 32/32 MP: 7/7
  3606 | D:4      | Reached XP level 5. HP: 33/37 MP: 8/8
  4015 | D:4      | Reached skill level 5 in Transmutations
  4181 | D:4      | Reached skill level 5 in Unarmed Combat
  4352 | D:3      | Reached skill level 1 in Poison Magic
  4361 | D:3      | Reached XP level 6. HP: 14/43 MP: 7/9
  5145 | D:4      | Noticed a slave
  5145 | D:4      | Noticed a slave
  5145 | D:4      | Noticed a slave
  5146 | D:4      | Noticed Pikel
  5173 | D:4      | Noticed a slave
  5181 | D:4      | Slain by a slave

Levels and vault maps discovered:
D:1:      scummos_arrival_star, layout_basic, hangedman_decor_clover_reticule,
          dk_noncrumbling_2
D:2:      layout_loops_cross, nicolae_dithmenos_through_a_glass_darkly
D:3:      layout_basic, first_ration
D:4:      layout_basic, uniq_pikel

Skill      XL: |  1  2  3  4  5  6 |
---------------+-------------------+-----
Transmutations | 3 4 5 |  5.0
Stealth        | 1 2 |  2.0
Unarmed Combat | 4 5 |  5.8
Poison Magic   | 1 2 |  2.8
Fighting       | |  1.1
Dodging        | |  2.6
Spellcasting   | |  2.0

Action                   |  1- 3 |  4- 6 || total
-------------------------+-------+-------++-------
Melee: Unarmed           |   140 |   211 ||   351
       Punch             |     3 |     2 ||     5
       Headbutt          |     2 |       ||     2
 Cast: Beastly Appendage |     3 |       ||     3
       Sticks to Snakes  |       |     8 ||     8
       Spider Form       |       |     1 ||     1
  Use: Scroll            |       |     8 ||     8
 Stab: Sleeping          |     1 |     1 ||     2
       Distracted        |       |     1 ||     1
  Eat: Ration            |     1 |       ||     1
       Chunk             |       |    11 ||    11
Armor: Leather armour    |    30 |     1 ||    31
       Robe              |     1 |       ||     1
       Ring mail         |       |    69 ||    69
Dodge: Dodged            |    83 |   128 ||   211
